 Dungeon Crawl Stone Soup version 0.18-a0-1637-g109f206 (webtiles) character file.

1571 syage the Slasher (level 8, -6/91 HPs)
             Began as a Vampire Fighter on Mar 26, 2016.
             Was a Believer of Okawaru.
             Mangled by Pikaro's ghost (16 damage)
             ... on level 6 of the Dungeon.
             The game lasted 00:17:38 (4575 turns).

syage the Slasher (Vampire Fighter)                 Turns: 4575, Time: 00:17:39

Health: -6/91      AC:  9    Str: 22    XL:     8   Next: 59%
Magic:  7/8        EV: 13    Int: 18    God:    Okawaru [**....]
Gold:   282        SH: 12    Dex: 18    Spells: 0 memorised, 7 levels left

rFire  . . .     SeeInvis +     a - +0 long sword
rCold  . . .     Gourm    .     b - +0 scale mail
rNeg   . . .     Faith    .     c - +1 shield
rPois  .         Spirit   .     l - +2 hat {MR+}
rElec  .         Dismiss  .     (no cloak)
rCorr  .         Reflect  .     (no gloves)
SustAt .         Harm     .     (no boots)
MR     +....                    j - amulet of rage
Stlth  ..........               (no ring)
                                (no ring)

@: brilliant, agile, berserking, lethally poisoned (-6 -> -7), flying,
regenerating quickly, very quick, somewhat resistant to hostile enchantments,
extremely unstealthy
A: fangs 3, see invisible, clever 1, unbreathing, sturdy frame 1
a: Heroism, Renounce Religion, Evoke Berserk Rage


You were on level 6 of the Dungeon.
You worshipped Okawaru.
Okawaru was pleased with you.
You were very full.

You visited 2 branches of the dungeon, and saw 7 of its levels.

You collected 282 gold pieces.

Inventory:

Hand Weapons
 a - a +0 long sword (weapon)
 e - a +0 long sword
 v - a +0 battleaxe
Armour
 b - a +0 scale mail (worn)
 c - a +1 shield (worn)
 l - a +2 hat of magic resistance (worn)
 r - a +0 robe of fire resistance
 w - a +2 robe of magic resistance
Jewellery
 j - an amulet of rage (around neck)
Wands
 x - a wand of enslavement (7/24)
 y - a wand of iceblast (2/15)
 z - a wand of polymorph (14/24)
Scrolls
 f - 2 scrolls of remove curse {unknown}
 g - 2 scrolls of random uselessness
 i - a scroll of immolation {unknown}
 o - 2 scrolls of identify
 p - a scroll of fog {unknown}
 s - a scroll of teleportation {unknown}
 t - a scroll of noise {unknown}
Potions
 d - 3 potions of might
 h - 3 potions of curing
 k - a potion of mutation
 m - a potion of brilliance
 n - a potion of agility


   Skills:
 + Level 4.8 Fighting
 * Level 7.0 Long Blades
 + Level 4.7 Armour
 + Level 5.5 Shields
 + Level 0.5 Evocations


You had 7 spell levels left.
You didn't know any spells.

Dungeon Overview and Level Annotations

Branches:
Dungeon (6/15)             Temple (1/1) D:4

Altars:
Ashenzari
Cheibriados
Dithmenos
Elyvilon
Fedhas
Gozag
Kikubaaqudgha
Makhleb
Nemelex Xobeh
Okawaru
Pakellas
Qazlal
Ru
Sif Muna
Trog
Vehumet
Xom
Yredelemnul
Zin
The Shining One

Annotations:
D:6 Pikaro's ghost, novice OgWn


Innate Abilities, Weirdness & Mutations

Your natural rate of healing is unusually fast.
You have razor-sharp teeth.
You have supernaturally acute eyesight.
You can survive without breathing.
Your mind is acute. (Int +2)
Your movements are slightly less encumbered by armour (ER -2).


Message History

It was a potion of berserk rage.
A red film seems to cover your vision as you go berserk!
You feel yourself moving faster!
You feel mighty!
You feel sick. Pikaro's ghost closely misses you.
You slice Pikaro's ghost!!
Pikaro's ghost is heavily damaged.
You slash Pikaro's ghost! You bite Pikaro's ghost.
Pikaro's ghost is severely damaged.
You block Pikaro's ghost's attack.
You hit Pikaro's ghost.
Pikaro's ghost is severely damaged.
You feel like a meek peon again.
You completely miss Pikaro's ghost.
Pikaro's ghost is severely damaged.
Pikaro's ghost hits you.
* * * LOW HITPOINT WARNING * * *
You closely miss Pikaro's ghost.
Pikaro's ghost is severely damaged.
Pikaro's ghost hits you!
You die...

####...#.# # #...#
#...#.# #
#...######...#.# #
#.>.+..........# #
#.Z.###.##........+
#...# #.##....#####
... #..#....# .. #+#
##.####.# ### #@# #..#
#.# . #####W#
####.###.####.
#.....#....#..##(..#..
#....).....+..........
#....##....##..##..###
#....# ....###.##..#
+....# #### #..#..#
#....# ##.#..# #.####
#.#..#


You could see Pikaro's ghost.

Vanquished Creatures
  4 yaks (D:5)
  Duvessa (D:5)
  An ice beast (D:5)
  2 phantoms
  Blork the orc (D:5)
  Dowan (D:5)
  A scorpion (D:6)
  A hound (D:5)
  A centaur skeleton (D:6)
  A giant frog skeleton (D:5)
  A gnoll shaman (D:2)
  Ijyb (D:2)
  An orc wizard (D:4)
  4 worker ants
  3 gnolls (D:3)
  11 adders
  An ooze (D:3)
  2 dart slugs (D:1)
  5 giant geckos
  6 orcs (D:4)
  3 giant cockroaches
  2 goblins
  6 hobgoblins
  8 jackals
  6 kobolds
  A quokka (D:6)
  7 bats
  5 giant newts
  A jackal zombie (D:5)
  A quokka skeleton (D:5)
  A quokka zombie (D:5)
  5 rats
95 creatures vanquished.

Notes
Turn   | Place    | Note
--------------------------------------------------------------
     0 | D:1      | syage the Vampire Fighter began the quest for the Orb.
     0 | D:1      | Reached XP level 1. HP: 17/17 MP: 1/1
   164 | D:1      | Reached XP level 2. HP: 21/23 MP: 2/2
   845 | D:2      | Reached XP level 3. HP: 27/29 MP: 3/3
   905 | D:2      | Found a shadowy altar of Dithmenos.
  1024 | D:2      | Noticed Ijyb
  1039 | D:2      | Killed Ijyb
  1039 | D:2      | Reached XP level 4. HP: 27/35 MP: 4/4
  1427 | D:2      | Reached skill level 3 in Long Blades
  1435 | D:2      | Found a glowing golden altar of the Shining One.
  1435 | D:2      | Found a white marble altar of Elyvilon.
  1436 | D:2      | Found a glowing silver altar of Zin.
  1775 | D:2      | Reached XP level 5. HP: 11/41 MP: 5/5
  2266 | D:3      | Found a deep blue altar of Sif Muna.
  2440 | D:4      | Reached XP level 6. HP: 45/47 MP: 6/6
  2535 | D:4      | Found a staircase to the Ecumenical Temple.
  2556 | Temple   | Entered the Ecumenical Temple
  2660 | Temple   | Became a worshipper of Warmaster Okawaru
  2810 | D:4      | Reached skill level 4 in Long Blades
  2969 | D:4      | Found a burning altar of Makhleb.
  2971 | D:4      | Noticed a balrug
  2975 | D:4      | Noticed a smoke demon
  2975 | D:4      | Noticed a ynoxinul
  3094 | D:4      | Found an ancient bone altar of Kikubaaqudgha.
  3095 | D:4      | Found a basalt altar of Yredelemnul.
  3173 | D:5      | Entered Level 5 of the Dungeon
  3173 | D:5      | Noticed an ice beast
  3224 | D:5      | Killed an ice beast
  3342 | D:5      | Noticed Dowan
  3343 | D:5      | Noticed Duvessa
  3362 | D:5      | Killed Duvessa
  3362 | D:5      | Reached XP level 7. HP: 41/54 MP: 7/7
  3385 | D:5      | Killed Dowan
  3385 | D:5      | Reached skill level 5 in Long Blades
  3447 | D:5      | Reached * piety under Okawaru
  3469 | D:5      | Noticed Blork the orc
  3489 | D:5      | Killed Blork the orc
  3580 | D:5      | Noticed a yak
  3581 | D:5      | Noticed a yak
  3582 | D:5      | Noticed a yak
  3583 | D:5      | Noticed a yak
  3601 | D:5      | Killed a yak
  3601 | D:5      | Reached ** piety under Okawaru
  3601 | D:5      | Reached skill level 5 in Shields
  3601 | D:5      | Reached XP level 8. HP: 38/61 MP: 8/8
  3609 | D:5      | Reached skill level 6 in Long Blades
  4541 | D:6      | Noticed Pikaro's ghost (novice OgWn)
  4558 | D:6      | Reached skill level 7 in Long Blades
  4561 | D:6      | Gained mutation: Your movements are slightly less encumbered by armour (ER -2). [potion of mutation]
  4561 | D:6      | Gained mutation: Your mind is acute. (Int +2) [potion of mutation]
  4575 | D:6      | Mangled by Pikaro's ghost

Vault maps used:
D:1:      lightli_iron_boxes
D:2:      good_gods_temple_1, nicolae_overflow_crystal_walls,
          nrook_loot_triangle, uniq_iyjb
D:3:      overflow_temple_1_default, roderic_bali_sauvastika
D:4:      makhleb_altar_promises_db, gammafunk_temple_overflow_statue,
          minmay_temple_entry_overgrown, lightli_corner_chamber
D:5:      first_bread, kennysheep_generic_room_3, uniq_blork_the_orc,
          uniq_duvessa
D:6:      serial_shops, shop
Temple:   circular_temple_12

Skill      XL: |  1  2  3  4  5  6  7  8 |
---------------+-------------------------+-----
Fighting       | 3 4 |  4.8
Shields        | 3 4 5 |  5.5
Long Blades    | 3 4 5 7 |  7.0
Armour         | 3 4 |  4.7
Evocations     | |  0.5

Action                   |  1- 3 |  4- 6 |  7- 9 || total
-------------------------+-------+-------+-------++-------
Melee: Long sword        |   123 |   243 |   165 ||   531
Invok: Heroism           |       |       |     1 ||     1
 Abil: Evoke Berserk Rag |       |       |     1 ||     1
  Use: Potion            |       |     1 |     5 ||     6
       Scroll            |       |     3 |       ||     3
  Eat: Corpse            |    10 |    15 |     8 ||    33
